Cogmind - Beta 16 @@@ ROGUE MODE // 2025.12.20 @ 17:31:44 Player: Skysub Result: Destroyed by G-47 Trooper with Particle Gun Performance ------------- Evolutions (2) 1000 Regions Visited (6) 1200 Robots Destroyed (90) 450 Value Destroyed (2691) 2691 Prototype IDs (27) 540 Alien Tech Used (0) 0 Bonus (771) 771 TOTAL SCORE: 6652 Bonus ------- High Alert Combat Kills 77 Follower Combat Kills 204 Entered Garrisons 200 Aligned with FarCom 300 Friendly Fire -10 Cogmind --------- Core Integrity 0/550 Matter 137/300 Energy 88/100 System Corruption 6% Temperature Cool (9) Movement Treading (312) Ox2 Location -8/Garrison Parts ------- > --- POWER (1) -------- (None) > --- PROPULSION (3) --- Light Treads Advanced Treads > --- UTILITY (5) ------ Improved Heat Sink Huge Storage Unit Reactive Plating Reactive Plating Corruption Screen > --- WEAPON (2) ------- Enhanced Autogun Enhanced Autogun > --- INVENTORY (25) --- Micro Nuclear Core Compact Matter Pod (0) Structural Scanner ECM Suite Improved Utility Shielding Reactive Plating Reactive Plating Reactive Plating Relay Coupler [NC] (33) Relay Coupler [Grunt] (36) Relay Coupler [Brawler] (41) Relay Coupler [Sentry] (29) Relay Coupler [Sentry] (31) Relay Coupler [Sentry] (25) Relay Coupler [Demolisher] (25) Relay Coupler [Heavy] (10) Precision Beam Rifle Minigun High-powered Shotgun High-powered Shotgun Rocket Launcher Mini Grenade Launcher Remote Datajack Field Lobotomy Kit (5) Katana Peak State ------------ > --- POWER ------------ Nuclear Core > --- PROPULSION ------- Light Treads Light Treads Advanced Treads > --- UTILITY ---------- Improved Heat Sink Huge Storage Unit Improved Utility Shielding Reactive Plating Corruption Screen > --- WEAPON ----------- Enhanced Autogun Enhanced Autogun > --- INVENTORY -------- Micro Nuclear Core Compact Matter Pod Structural Scanner ECM Suite Reactive Plating Reactive Plating Reactive Plating Reactive Plating Relay Coupler [NC] Relay Coupler [Grunt] Relay Coupler [Brawler] Relay Coupler [Sentry] Relay Coupler [Sentry] Relay Coupler [Sentry] Relay Coupler [Demolisher] Relay Coupler [Heavy] Precision Beam Rifle Minigun High-powered Shotgun High-powered Shotgun Rocket Launcher Mini Grenade Launcher Remote Datajack Field Lobotomy Kit Katana [Rating: 38] Favorites ----------- Power Ion Engine Engine Ion Engine Power Core Nuclear Core Propulsion Light Treads Treads Light Treads Wheel Compact Wheel Utility Huge Storage Unit Device Seismic Detector Storage Huge Storage Unit Processor Corruption Screen Protection Light Armor Plating Weapon Light Assault Rifle Energy Gun Small Laser Energy Cannon Beam Cannon Ballistic Gun Light Assault Rifle Launcher Mini Grenade Launcher Impact Weapon Powered Hammer Slashing Weapon Katana Build | -11 -10 -10 -10 -9 -8 -8 ------- Run | Yrd Mat Min Exi Min Mat Gar Slots Evolved 4 | . . . . . 4 . Power . | . . . . . . . Propulsion 1 | . . . . . 1 . Utility 3 | . . . . . 3 . Weapon . | . . . . . . . Parts Attached 62 | 4 9 3 . 2 33 11 Power 6 | 1 1 . . . 4 . Engine 3 | 1 1 . . . 1 . Core 3 | . . . . . 3 . Reactor . | . . . . . . . Propulsion 15 | 2 1 3 . . 8 1 Treads 9 | 2 . 2 . . 5 . Leg . | . . . . . . . Wheel 6 | . 1 1 . . 3 1 Hover . | . . . . . . . Flight . | . . . . . . . Utility 23 | 1 3 . . 2 12 5 Device 7 | . 1 . . . 4 2 Storage 2 | 1 1 . . . . . Processor 2 | . . . . . 1 1 Hackware . | . . . . . . . Protection 12 | . 1 . . 2 7 2 Artifact . | . . . . . . . Weapon 18 | . 4 . . . 9 5 Energy Gun 2 | . 1 . . . 1 . Energy Cannon 2 | . . . . . 2 . Ballistic Gun 8 | . 3 . . . 2 3 Ballistic Cannon . | . . . . . . . Launcher 4 | . . . . . 3 1 Special Weapon . | . . . . . . . Impact Weapon 1 | . . . . . 1 . Slashing Weapon 1 | . . . . . . 1 Piercing Weapon . | . . . . . . . Special Melee Weapon . | . . . . . . . Unidentified Prototypes 4 | . . . . . 4 . Parts Lost 28 | . 2 4 . . 18 4 Power 5 | . 1 1 . . 2 1 Propulsion 10 | . . 3 . . 5 2 Utility 9 | . . . . . 9 . Weapon 4 | . 1 . . . 2 1 Highest Loss Streak 11 | . 1 4 . . 11 2 To Critical Strikes . | . . . . . . . Average Backups 20 | 3 12 22 23 24 23 24 Power 1 | . . 2 2 2 . . Propulsion 3 | 1 3 4 4 4 4 . Utility 8 | . 5 10 10 9 7 12 Weapon 6 | 1 2 6 7 7 9 9 Tool/Special . | . . . . . . . Unused Backups 44 | . . 1 . 1 14 28 Power 1 | . . . . . . 1 Propulsion . | . . . . . . . Utility 25 | . . 1 . 1 4 19 Weapon 14 | . . . . . 9 5 Tool/Special 4 | . . . . . 1 3 Average Slot Usage (%) 90 | . 84 85 85 85 98 99 Engine 4 | . 13 1 . . 3 . Core 2 | . . . . . 5 8 Treads 16 | . 19 13 14 14 11 25 Wheel 10 | . 8 13 14 14 15 1 Device 10 | . 3 14 14 . 17 11 Storage 11 | . 14 14 14 14 9 9 Processor 1 | . . . . . 2 6 Protection 8 | . . . . 14 15 17 Energy Gun 7 | . 5 14 14 14 6 . Ballistic Gun 13 | . 17 14 14 14 9 10 Slashing Weapon 1 | . . . . . . 7 Peak Build Rating 38 | 4 9 9 9 11 36 38 Average Rating 16 | 3 6 7 8 10 25 35 On Entrance 11 | . 4 9 8 9 11 36 Avg Prop Armor Cover (%) 11 | . 13 16 16 10 7 15 Naked Turns . | . . . . . . . Heaviest Build 106 | 8 91 88 83 89 105 106 Greatest Support 62 | 40 40 16 16 16 62 62 Greatest Overweight (x) 10 | 1 5 5 5 5 6 10 Average Overweight (x) 3 | . 2 5 5 5 2 1 Largest Inventory Capacity 25 | 8 25 25 25 25 25 25 Average Capacity 22 | 7 17 25 25 25 25 25 Most Carried 25 | 4 25 25 24 25 25 25 Average Carried 20 | 3 12 22 23 24 23 24 Final Capacity 25 | 8 25 25 25 25 25 25 Final Carried 25 | 4 25 23 24 25 25 25 Class Distribution -------------------- 87% | Mutant 12% | Scavenger-Mutant Dominant Class ---------------- Mutant | -10/Materials Mutant | -10/Mines Mutant | -10/Exiles Mutant | -9/Mines Mutant | -8/Materials Mutant | -8/Garrison Resources | -11 -10 -10 -10 -9 -8 -8 ----------- Run | Yrd Mat Min Exi Min Mat Gar Matter Collected 1867 | 222 538 33 . 21 628 425 Remotely . | . . . . . . . Salvage Created 2801 | . 778 42 . 140 1378 463 Parts 150 | . 50 4 . 7 70 19 Haulers Intercepted 6 | . 2 . . . 4 . Recyclers Shooed 3 | . . . . . 3 . Parts Field Recycled . | . . . . . . . Retrieved Matter . | . . . . . . . Parts Self-Destructed . | . . . . . . . Prevented . | . . . . . . . Parts Restored . | . . . . . . . Kills | -11 -10 -10 -10 -9 -8 -8 ------- Run | Yrd Mat Min Exi Min Mat Gar Combat Hostiles Destroyed 62 | . 14 3 . 3 29 13 Guns 39 | . 14 3 . 3 11 8 Cannons 1 | . . . . . 1 . AOE 22 | . . . . . 17 5 Classes Destroyed 13 | . 7 . . . 5 1 Worker 6 | . 1 . . . 5 . Builder 5 | . 1 . . . 4 . Hauler 6 | . 2 . . . 4 . Recycler 4 | . 1 . . . 3 . Operator 1 | . . . . . 1 . Watcher 6 | . 2 . . . 4 . Swarmer 14 | . 2 3 . . 9 . Grunt 37 | . 12 . . 3 14 8 Brawler 1 | . . . . . 1 . Duelist 1 | . . . . . 1 . Sentry 5 | . . . . . 3 2 Hunter 1 | . . . . . 1 . Programmer 3 | . . . . . . 3 Best Kill Streak 15 | . 3 3 . 3 15 7 Combat Bots Only 7 | . 2 3 . 3 6 7 Max Kills in Single Turn 5 | . 1 1 . 1 5 3 Gunslinging 1 | . . . . . 1 . Exploded 4 | . . . . . 4 3 Melee . | . . . . . . . Uniques/NPCs Destroyed . | . . . . . . . Combat | -11 -10 -10 -10 -9 -8 -8 -------- Run | Yrd Mat Min Exi Min Mat Gar Hostile Shots Fired 417 | . 82 22 . 26 177 110 Missed 129 | . 31 4 . 8 58 28 Hits 288 | . 51 18 . 18 119 82 Melee 8 | . . . . . 8 . Projectile 280 | . 51 18 . 18 111 82 Critical Strikes 13 | . 1 . . 1 9 2 Damage Taken 4456 | . 677 143 . 255 2008 1373 Core 746 | . 94 38 . 57 274 283 Absorbed by Shields 80 | . . . . . 80 . Redirected to Shielding 65 | . . . . . . 65 Core Remaining (%) 62 | 100 . . . 24 . . Volleys Fired 217 | . 67 8 . 11 101 30 Largest 2 | . 2 2 . 2 2 2 Hottest 86 | . 60 60 . 60 86 50 Shots Fired 420 | . 134 16 . 22 192 56 Gun 387 | . 134 16 . 22 163 52 Cannon 13 | . . . . . 13 . Launcher 20 | . . . . . 16 4 Special . | . . . . . . . Kinetic 268 | . 106 8 . 11 91 52 Thermal 132 | . 28 8 . 11 85 . Explosive 20 | . . . . . 16 4 Electromagnetic . | . . . . . . . Robot Hit Streak 18 | . 14 3 . 8 18 11 Robot Miss Streak 6 | . 6 6 . 1 5 4 Penetration Max . | . . . . . . . Secondary Targets 9 | . 2 1 . 1 4 1 Max Gunslinging Chain 1 | . 1 1 . 1 1 1 Shots Hit Robots 293 | . 87 7 . 18 139 42 Core Hits 176 | . 41 4 . 7 93 31 Critical Kills . | . . . . . . . Critical Parts Destroyed 2 | . . . . . 2 . Critical Strikes 9 | . . . . . 9 . Burn 7 | . . . . . 7 . Destroy 1 | . . . . . 1 . Smash 1 | . . . . . 1 . Melee Attacks 25 | . . . . . 5 20 Impact 5 | . . . . . 5 . Slashing 20 | . . . . . . 20 Piercing . | . . . . . . . Sneak Attacks . | . . . . . . . Combat Hostiles . | . . . . . . . Follow-up Attacks . | . . . . . . . Damage Inflicted 6565 | . 990 68 . 171 3924 1412 Guns 3894 | . 986 68 . 171 1878 791 Cannons 160 | . . . . . 160 . Explosions 2390 | . . . . . 1807 583 Melee 112 | . . . . . 79 33 Ramming 9 | . 4 . . . . 5 Kinetic 2565 | . 738 25 . 69 942 791 Thermal 1489 | . 248 43 . 102 1096 . Explosive 2390 | . . . . . 1807 583 Electromagnetic . | . . . . . . . Impact 79 | . . . . . 79 . Slashing 33 | . . . . . . 33 Piercing . | . . . . . . . Highest Corruption 6 | . . . . . 5 6 Average Corruption 5 | . . . . . 4 5 Corruption Purged . | . . . . . . . Corruption Blocked 2 | . . . . . . 2 Effects 27 | . . . . . 7 20 Message Errors 9 | . . . . . 3 6 Matter Fused 4 | . . . . . 1 3 Heat Flow Errors 1 | . . . . . 1 . Energy Discharges 2 | . . . . . 1 1 Parts Rejected 1 | . . . . . . 1 Data Loss (minor) 4 | . . . . . . 4 Data Loss (major) 2 | . . . . . 1 1 Misfires 1 | . . . . . . 1 Alerts 2 | . . . . . . 2 Weapon Failures 1 | . . . . . . 1 Overload Shots . | . . . . . . . Overflow Damage 64 | . . . . . 64 . Projectiles . | . . . . . . . Explosions 41 | . . . . . 41 . Melee 23 | . . . . . 23 . Knockbacks . | . . . . . . . Impact . | . . . . . . . Kinetic . | . . . . . . . Secondary . | . . . . . . . Self-Inflicted Damage 347 | . . . . . 236 111 Shots 12 | . . . . . 9 3 Rammed 2 | . . . . . . 2 Targets Rammed 3 | . 1 . . . . 2 Kicked . | . . . . . . . Crushed 1 | . 1 . . . . . Highest Temperature 338 | . 36 40 . 159 338 96 Average Temperature 63 | . 14 15 . 96 76 38 Received Heat Transfer 1929 | . 360 . . 159 807 603 Siege Activations . | . . . . . . . Martial Activations . | . . . . . . . Shielding Activations . | . . . . . . . Robots Disrupted . | . . . . . . . Combat Hostiles . | . . . . . . . Robots Corrupted . | . . . . . . . Combat Hostiles . | . . . . . . . Parts Fried . | . . . . . . . Impact Corruptions 1 | . . . . . 1 . Robots Melted . | . . . . . . . Combat Hostiles . | . . . . . . . Parts Melted 11 | . . . . . 11 . Heat Transferred 3752 | . 550 100 . 225 2877 . Parts Sabotaged . | . . . . . . . Parts Stolen . | . . . . . . . Parts Stripped . | . . . . . . . Power Chain Reactions . | . . . . . . . Alert | -11 -10 -10 -10 -9 -8 -8 ------- Run | Yrd Mat Min Exi Min Mat Gar Maximum Alert Level 2 | . . . . . 1 2 Low Security (%) 73 | 100 100 100 . 100 59 8 Level 1 26 | . . . . . 40 87 Level 2 . | . . . . . . 3 Level 3 . | . . . . . . . Level 4 . | . . . . . . . Level 5 . | . . . . . . . High Security . | . . . . . . . Max Security . | . . . . . . . Peak Influence 520 | . 88 40 . 60 330 520 Initial 196 | . . 29 . . . 196 Average 109 | . 25 5 . 9 157 336 Influence Increases 2146 | . 461 70 . 80 1171 364 Destroy 0b10 Robot/C 1360 | . 280 60 . 60 700 260 Destroy 0b10 Robot/NC 140 | . 35 . . . 105 . Destroy Leader 264 | . 58 10 . 10 186 . Allied During Kill 20 | . . . . . 20 . Successful Hack 80 | . 28 . . 10 28 14 Select Force Hacks 60 | . 30 . . . 30 . Disable Machine 15 | . . . . . 15 . Anti-Garrison Action 50 | . . . . . . 50 Destroy Structure 127 | . . . . . 87 40 Lose Combat Pursuer 30 | . 30 . . . . . Influence Decreases 1626 | . 385 146 . 80 869 146 Entered New Map 153 | . . 47 . . . 106 Time Decay 1004 | . 365 60 . 80 499 . Lost Part 279 | . 20 39 . . 180 40 Lost Ally 40 | . . . . . 40 . Purge Threat 150 | . . . . . 150 . Squads Dispatched 13 | . 5 . . . 8 . Investigation 5 | . 3 . . . 2 . Extermination . | . . . . . . . Reinforcement 5 | . 2 . . . 3 . Assault . | . . . . . . . Garrison 3 | . . . . . 3 . Intercept . | . . . . . . . Searches Triggered . | . . . . . . . Construction Impeded 1 | . . . . . 1 . Haulers Reinforced . | . . . . . . . Active Scanning Responses . | . . . . . . . Cargo Convoy Interrupts . | . . . . . . . Stealth | -11 -10 -10 -10 -9 -8 -8 --------- Run | Yrd Mat Min Exi Min Mat Gar Distress Signals 4 | . 1 . . . 3 . Communications Jammed . | . . . . . . . Distress Signals . | . . . . . . . Times Spotted 92 | . 22 3 . 3 49 15 Peak Tracking Total 10 | . 3 3 . 3 10 8 Tactical Retreats 2 | . 1 . . . . 1 ECM-based Alert Blocks 2 | . . . . . . 2 Traps | -11 -10 -10 -10 -9 -8 -8 ------- Run | Yrd Mat Min Exi Min Mat Gar Traps Triggered 6 | . 2 . . . 1 3 Indirectly . | . . . . . . . Trap Hack Attempts . | . . . . . . . Triggered . | . . . . . . . Disarmed . | . . . . . . . Reprogrammed . | . . . . . . . Reused . | . . . . . . . Traps Extracted . | . . . . . . . Installed . | . . . . . . . Triggered . | . . . . . . . Machines | -11 -10 -10 -10 -9 -8 -8 ---------- Run | Yrd Mat Min Exi Min Mat Gar Machines Disabled 2 | . . . . . 1 1 Max in Single Turn 1 | . . . . . 1 1 Garrison Relay 1 | . . . . . . 1 Machines Repaired . | . . . . . . . Machines Dismantled . | . . . . . . . Machines Sabotaged . | . . . . . . . Overloaded Fab Kills . | . . . . . . . Hacking | -11 -10 -10 -10 -9 -8 -8 --------- Run | Yrd Mat Min Exi Min Mat Gar Machines Accessed 21 | . 7 . 1 1 11 1 Terminals 14 | . 5 . . 1 7 1 Fabricators . | . . . . . . . Repair Stations . | . . . . . . . Recycling Units 4 | . 2 . . . 2 . Scanalyzers 1 | . . . . . 1 . Garrison Access 1 | . . . . . 1 . Total Hacks 67 | . 25 . 1 3 35 3 Successful 40 | . 16 . 1 3 19 1 Failed 27 | . 9 . . . 16 2 Catastrophic 3 | . . . . . 2 1 Database Lockouts . | . . . . . . . Manual 48 | . 21 . 1 3 22 1 Terminals 48 | . 20 . . 3 22 3 Fabricators . | . . . . . . . Repair Stations . | . . . . . . . Recycling Units 15 | . 5 . . . 10 . Scanalyzers 2 | . . . . . 2 . Garrison Access 1 | . . . . . 1 . Terminal Hacks 14 | . 5 . 1 2 5 1 Robot Analysis 3 | . 1 . . 1 1 . Terminal Index 3 | . 1 . . 1 1 . Alert Level 2 | . 1 . . . 1 . Unreport Threat 1 | . . . . . 1 . Locate Traps 1 | . 1 . . . . . Registered Components 1 | . 1 . . . . . Zone Layout 1 | . . . . . 1 . Patrol Navigation 1 | . . . . . . 1 Proto ID Catalog 1 | . . . 1 . . . Fabricator Hacks . | . . . . . . . Repair Station Hacks . | . . . . . . . Recycling Unit Hacks 5 | . 2 . . . 3 . Report Inventory 4 | . 2 . . . 2 . Retrieve Components 1 | . . . . . 1 . Scanalyzer 2 | . . . . . 2 . Retrieve Study 2 | . . . . . 2 . Garrison Access Hacks 1 | . . . . . 1 . Unlock Access 1 | . . . . . 1 . Unauthorized Hacks 18 | . 9 . . 1 8 . Terminals 16 | . 8 . . 1 7 . Botnet 2 | . 2 . . . . . Operators 1 | . 1 . . . . . Skim 13 | . 5 . . 1 7 . Fabricators . | . . . . . . . Repair Stations . | . . . . . . . Recycling Units 2 | . 1 . . . 1 . Tunnel 2 | . 1 . . . 1 . Scanalyzers . | . . . . . . . Garrison Access . | . . . . . . . Data Cores Recovered 1 | . . . . . 1 . Used . | . . . . . . . Hacking Detections 18 | . 6 . . 1 10 1 Full Trace Events 1 | . 1 . . . . . Feedback Events . | . . . . . . . Feedback Blocked . | . . . . . . . Robot Schematics Acquired . | . . . . . . . Robots Built . | . . . . . . . Authchips . | . . . . . . . Time . | . . . . . . . Total Robot Build Rating . | . . . . . . . Part Schematics Acquired . | . . . . . . . Parts Built . | . . . . . . . Authchips . | . . . . . . . Time . | . . . . . . . Total Part Build Rating . | . . . . . . . Part Studies Acquired 2 | . . . . . 2 . Parts Repaired . | . . . . . . . Time . | . . . . . . . Parts Recycled . | . . . . . . . Recycled Matter . | . . . . . . . Retrieved Matter . | . . . . . . . Retrieved Components 6 | . . . . . 6 . Parts Scanalyzed . | . . . . . . . Part Schematics Acquired . | . . . . . . . Parts Damaged . | . . . . . . . Bothacking | -11 -10 -10 -10 -9 -8 -8 ------------ Run | Yrd Mat Min Exi Min Mat Gar Used RIF Installer . | . . . . . . . Robots Hacked . | . . . . . . . Non-combat . | . . . . . . . Combat . | . . . . . . . Robot Hacks Applied . | . . . . . . . Relay Couplers Released 3 | . . . . . . 3 Machine Destruction 3 | . . . . . . 3 Fabnet Peak Effective % . | . . . . . . . Robots Rewired . | . . . . . . . Allies Hacked . | . . . . . . . Hacks Repelled . | . . . . . . . Allies | -11 -10 -10 -10 -9 -8 -8 -------- Run | Yrd Mat Min Exi Min Mat Gar Total Allies 2 | . . . . 2 . . Largest Group 2 | . . . . 2 2 . Highest-Rated Group 43 | . . . . 43 43 . Highest-Rated Ally 31 | . . . . 31 31 . Total Orders . | . . . . . . . Ally Attacks 19 | . . . . . 19 . Total Damage 275 | . . . . . 275 . Kills 6 | . . . . . 6 . Allies Corrupted . | . . . . . . . Allies Melted . | . . . . . . . Intel | -11 -10 -10 -10 -9 -8 -8 ------- Run | Yrd Mat Min Exi Min Mat Gar Active Infowar (turns) 2415 | . 364 539 425 . 853 234 Structural 842 | . . . . . 842 . Seismic 2180 | . 364 539 425 . 852 . ECM 234 | . . . . . . 234 Robot Analysis Total 3 | . 1 . . 1 1 . Derelict Logs Recovered 3 | . . 2 . 1 . . Drone Launches . | . . . . . . . Drone Recoveries . | . . . . . . . Exploration | -11 -10 -10 -10 -9 -8 -8 ------------- Run | Yrd Mat Min Exi Min Mat Gar Turns Passed 5288 | 68 1412 539 425 590 1500 754 Spaces Moved 2480 | 39 676 252 243 312 728 230 Core 4 | 4 . . . . . . Treads 625 | 35 304 . . . 70 216 Legs . | . . . . . . . Wheels 1851 | . 372 252 243 312 658 14 Hover . | . . . . . . . Flight . | . . . . . . . Fastest Speed 50 | 50 100 175 175 175 120 220 Average Speed 168 | 152 164 175 175 175 144 234 Slowest Speed 312 | 160 175 175 175 175 235 312 Overloaded Moves . | . . . . . . . Propulsion Burnouts . | . . . . . . . Robots Hopped . | . . . . . . . Potential Cave-ins . | . . . . . . . Cave-ins Triggered . | . . . . . . . Exploration Rate (%) 56 | 3 95 61 60 81 63 30 Regions Visited 6 Branch Regions 3 Pre-discovered Areas 5 | . 2 1 . . 2 . Known Exits Taken 1 | . . . . . 1 . Unknown Exits Taken 5 | 1 1 1 1 1 . . Scrap Searched 4 | . . 2 . 2 . . Spaces Dug 16 | . . . . . 12 4 Terrain Destroyed 115 | . . . . . 105 10 Melee 5 | . . . . . 1 4 Projectile . | . . . . . . . AOE 110 | . . . . . 104 6 Terrain Rammed . | . . . . . . . Walls Destroyed . | . . . . . . . Machines Disabled . | . . . . . . . Actions | -11 -10 -10 -10 -9 -8 -8 --------- Run | Yrd Mat Min Exi Min Mat Gar Total 3197 | 46 850 336 243 337 1012 373 Wait 237 | . 68 70 . 9 60 30 Move 2475 | 38 675 251 242 311 728 230 Hop . | . . . . . . . Pick Up 100 | 4 27 2 1 2 45 19 Fast Attach 12 | 4 1 . . . 5 2 Attach 29 | . 4 3 . . 19 3 Detach . | . . . . . . . Swap 39 | . 4 1 . 2 20 12 Drop 54 | . 3 1 . 2 29 19 Fire 217 | . 67 8 . 11 101 30 Melee 25 | . . . . . 5 20 Ram . | . . . . . . . Kick . | . . . . . . . Crush 3 | . 1 . . . . 2 Escape Stasis 6 | . . . . . . 6 Rewire . | . . . . . . . Trap . | . . . . . . . Miscellaneous . | . . . . . . . Route ------- -11/Scrapyard -10/Materials (discovered 6 exits: *Mat x3 / [*Min x2] / [*Sub]) -10/Mines (discovered 2 exits: *Mat / *Exi) -10/Exiles -9/Mines (discovered 2 exits: *Mat x2) -8/Materials (discovered 2 exits: [*Fac] / Gar) -8/Garrison History --------- Turn | Location | Event 31 | -11/Scrapyard | Discovered new exit (range 16) 69 | -11/Scrapyard | Entered Materials 201 | -10/Materials | Discovered new exit (range 5) 305 | -10/Materials | Build established: Mutant 387 | -10/Materials | Discovered new exit (range 5) 421 | -10/Materials | Discovered new exit (range 16) 643 | -10/Materials | Discovered new exit (range 10) 669 | -10/Materials | Derelicts attacked the area 830 | -10/Materials | Discovered new exit (range 3) 1206 | -10/Materials | Discovered new exit (range 16) 1334 | -10/Materials | Identified exit to Materials 1401 | -10/Materials | Learned Storage trap positions 1402 | -10/Materials | Learned location of 1 exit from Recycling 1403 | -10/Materials | Learned Materials stockpile data 1408 | -10/Materials | Learned Storage stockpile data 1481 | -10/Materials | Entered Mines 1482 | -10/Mines | Learned location of Storage (-7) 1514 | -10/Mines | Core integrity fell below 50% 1551 | -10/Mines | Lost 4 parts (1p3n) 1845 | -10/Mines | Learned Materials stockpile data 1861 | -10/Mines | Discovered exit to Materials (range 7) 1910 | -10/Mines | Learned Materials terminal intel 1980 | -10/Mines | Deemed a non-threat by the Exiles lab entrance 1980 | -10/Mines | Discovered new exit (range 5) 2020 | -10/Mines | Entered Exiles 2062 | -10/Exiles | Met 8R-AWN 2092 | -10/Exiles | Met EX-HEX 2145 | -10/Exiles | Met EX-BIN 2166 | -10/Exiles | Aligned with FarCom system 2167 | -10/Exiles | Given EX-Vault access code 2209 | -10/Exiles | Opened EX-Vault 2222 | -10/Exiles | Found Field Lobotomy Kit 2256 | -10/Exiles | Warned to stay clear of 0b10 Research branches 2315 | -10/Exiles | Met EX-DEC 2378 | -10/Exiles | Discovered new exit (range 14) 2445 | -10/Exiles | Left Exiles lab with Field Lobotomy Kit 2445 | -10/Exiles | Entered Mines 2703 | -9/Mines | Discovered new exit (range 13) 2953 | -9/Mines | Discovered new exit (range 7) 3035 | -9/Mines | Entered Materials 3035 | -8/Materials | Accompanied by 2 allies 3035 | -8/Materials | Evolved 4 slots: Propulsion x1, Utility x3 3037 | -8/Materials | Loaded intel: 12 terminal locations 3040 | -8/Materials | Led the pair of lost Derelicts to an unsafe place 3319 | -8/Materials | Build established: Scavenger-Mutant 3733 | -8/Materials | Learned 4 Factory zone layouts 3787 | -8/Materials | Learned Factory emergency access door positions 3830 | -8/Materials | Learned Storage stockpile data 3863 | -8/Materials | Learned Storage security intel 3915 | -8/Materials | Learned Factory trap positions 3929 | -8/Materials | Discovered new exit (range 9) 3954 | -8/Materials | Learned location of 1 exit from Recycling 3954 | -8/Materials | Build established: Mutant 4295 | -8/Materials | Garrison activated, responded to threat 4365 | -8/Materials | Lost 11 parts (1p4n5u1w) 4535 | -8/Materials | Identified exit to Garrison 4535 | -8/Materials | Entered Garrison 4664 | -8/Garrison | Core integrity fell below 50% 4751 | -8/Garrison | Garrison Relay disabled 5251 | -8/Garrison | Triggered checkpoint 5257 | -8/Garrison | Triggered checkpoint 5265 | -8/Garrison | Core integrity fell below 20% 5289 | -8/Garrison | Destroyed by G-47 Trooper with Particle Gun Last Messages --------------- 05187_ System corrupted: Energy discharge (-60). 05199_ Dropped Com. Matter Pod. 05202_ Extracted 150 matter. 05204_ Acquired Com. Matter Pod. 05224_ 1PB38YL 1PEAL4GLDQL8QMF8%E 05251_ Beams of light sweep through the air. An alarm sounds. 05261_ G-47 Trooper destroyed. 05261_ Switching to secondary target: G-47 Trooper. 05261_ Critical hit (Burn: +37). 05262_ System corrupted: IFF burst signal emitted. 05264_ Critical hit (Burn: +37). Garrison Door activated. 05267_ G-47 Trooper suffers critical hit (Burn). 05269_ Acquired 45 matter. 05273_ Lgt. Treads destroyed. 05275_ G-47 Trooper destroyed. 05276_ Nuclear Core destroyed. 05279_ Y-45 Defender destroyed. 05279_ G-47 Trooper destroyed. 05289_ Destroyed Imp. Heat Sink. Map ----- +----------------------------------------------------+ | ????????????????????????????# #### #?????????????? | | ????????????????????????????# #??# #?????????????? | | ????????????????????????????# #??# #?????????????? | | ????????????????????????????# #??# #?????????????? | | ????????????????????????????# #??# ######????????? | | ????????????????????????????# ??# "#????????? | | ????????????????????????????###??# ##"T"#????????? | | ?????????????????????????????????# ########??????? | | ?????????????????????????????????# #???##"##?????? | | ?????????????????????????????????# #???# #?????? | | ???????????????????????????????### ##### ! #?????? | | ?????????????????????########### #?????? | | ?????????????????????# # #?????? | | ?????????????????????# ########" #######"##?????? | | ???????????????###???# #??????## #?????###??????? | | ???????????????? ### #???????# #??????????????? | | ?????????######"" # ##??????# #??????????????? | | ???????? ######## #??????????????? | | ???????? #??????????????? | | ???????? #??????????????? | | ??????????????# ##%g #########+########???????? | | ?????????# ## ## ###?????# #! ! !#???????? | | ????????? #?????# !!! #???????? | | ???????? %###???##########???????? | | ???????? ! * ?????????????????????? | | ???????? %=@#??????????????????????? | | ?????????# ## # %g*###??????????????????????? | | ?????????? ???# # ! #????????????????????????? | | ????????????? ????????????????????????? | | ??????????? ????????????????????????? | | ?????????? #????????????????????????? | | ???????????#### ## ##????????????????????????? | | ??????????????# ?# ??????????????????????????? | | ??????????????####??# ??????????????????????????? | | ????????????????????# ??????????????????????????? | | ????????????????????# ??????????????????????????? | | ????????????????????# ??????????????????????????? | | ????????????????????# ??????????????????????????? | | ????????????????????# ??????????????????????????? | | ????????????????????# ???????????????????????????? | | ????????????????????? ???????????????????????????? | | ?????????????????????????????????????????????????? | | ?????????????????????????????????????????????????? | | ?????????????????????????????????????????????????? | | ?????????????????????????????????????????????????? | | ?????????????????????????????????????????????????? | | ?????????????????????????????????????????????????? | | ?????????????????????????????????????????????????? | | ?????????????????????????????????????????????????? | | ?????????????????????????????????????????????????? | +----------------------------------------------------+ Best States ------------- Heat Dissipation 59 Energy Generation 14 Energy Capacity 250 Matter Stores 300 Matter Capacity 300 Sight Range 16 Terrain Scan Density 10 ECM Strength 1 Corruption Block 7 Armor Coverage 375 Resistance: KI 20 Utility Shielding 66 Evasion (%) 40 Targeting Accuracy 8 Recoil Reduction 3 Item Schematics ----------------- None Robot Schematics ------------------ None Fabricated ------------ Nothing Repaired ---------- Nothing Studied --------- Wheel | -8/Materials | Hacked Com. Wheel | -8/Materials | Hacked Alien Tech Used ----------------- None Achievements -------------- None Challenges ------------ None Game ------ Seed DisposablePhaseFlakker Manual? 0 Play Time 00:41:30 Cumulative 313.4 hours Start 2025.12.20 @ 16:51:57 End 2025.12.20 @ 17:31:44 Sessions 1 Manual Loads 0 Difficulty Rogue Special Mode None Game No. 381 Rogue 381 Adventurer 0 Explorer 0 Win Type - Total 21 Types 13/0/3/1/1/0/1/1/0/1 Lore% 78 Gallery% 77 Achievement% 63 Wizard Run 0 Options --------- Layout 1 ASCII 0 Keyboard 1 Movement Numpad Keybinds 0 Fullscreen 2 Font 32/SmallcapsGlow Map View 77x35 Zoom Use 0% Tactical HUD 1 Map Filters NONE Filters NONE Steam 1 RUN: 07991e28-7d19-45ae-b9d4-64c9153f54b4